Match 47212940
Unlisted

Match 47212940
End
Selects Italian Combined Arms Battlegroup
Selects Bersaglieri Squad
250 Light Carrier
Bersaglieri Squad
Bersaglieri Squad
Construct Light Support Kompanie
Combat Half-tracks
Selects Bersaglieri Bolster
2.5-tonne Medical Truck
Construct Mechanized Kompanie
Panzerjäger Mechanized Group
Selects Breda Model 30 Light Machine Guns
Marder III Tank Destroyer
Bersaglieri Squad
254 Reconnaissance Tractor
Selects Semovente da 75/18 Assault Gun
Support Armor Elements
Vehicle Survival Package
Selects Carro Armato M13/40 Light Tank
Flakvierling Half-track
猛牛
PATRIOT228
frooooodoooooooo
Tanith's Finest
corncobber5
Ggumisin
0
0

Comments sign in to comment!

No comments posted yet!